 Dungeon Crawl Stone Soup version 0.26.1-11-gd32895ea62 (webtiles) character file.

Game seed: 116791071791006081

1577 buriedalive the Frost Mage (level 8, 0/41 HPs)
             Began as a Deep Elf Ice Elementalist on June 4, 2021.
             Was a Follower of Ashenzari.
             Slain by a two-headed ogre
             ... wielding a +0 dire flail
              (14 damage)
             ... on level 7 of the Dungeon.
             The game lasted 00:13:01 (7496 turns).

buriedalive the Frost Mage (DEIE)                   Turns: 7496, Time: 00:13:01

Health: 0/41       AC: 13    Str:  3 (5)  XL:     8   Next: 60%
Magic:  21/23      EV: 18    Int: 20 (22) God:    Ashenzari [*.....]
Gold:   420        SH:  0    Dex: 15 (16) Spells: 6/13 levels left

rFire    + . .     SeeInvis +   g - +2 dagger (protect)
rCold    . . .     Faith    .   (no shield)
rNeg     . . .     Spirit   .   a - +0 robe
rPois    .         Reflect  .   (no helmet)
rElec    .         Harm     .   o - +0 cloak
rCorr    .         Rampage  .   (no gloves)
Will     .....                  B - +1 pair of boots
Stlth    +.........             m - amulet of regeneration
HPRegen  0.53/turn              d - ring of magical power
MPRegen  0.18/turn              f - ring of protection from fire

@: confused, mighty, icy armour, frozen ramparts
A: see invisible, MP-powered wands
a: Renounce Religion, Curse Item, Scrying


You were on level 7 of the Dungeon.
You worshipped Ashenzari.
Ashenzari was aware of your devotion.
You visited 2 branches of the dungeon, and saw 8 of its levels.

You collected 420 gold pieces.

Inventory:

Hand Weapons
 g - a +2 dagger of protection (weapon)
 i - a +0 dagger
 p - a +4 quarterstaff of chaos
 v - a +3 dagger
 D - a +0 giant club
 E - a +4 dagger
Missiles
 h - 211 stones
 n - 14 poisoned darts
Armour
 a - a +0 robe (worn)
 o - a +0 cloak (worn)
 B - a +1 pair of boots (worn)
Jewellery
 d - a ring of magical power (left hand)
 f - a ring of protection from fire (right hand)
 m - an amulet of regeneration (around neck)
 y - an uncursed ring of poison resistance
Wands
 z - a wand of random effects (18)
Scrolls
 b - a scroll of amnesia
 c - 2 scrolls of magic mapping {unknown}
 e - a scroll of blinking {unknown}
 j - 5 scrolls of remove curse
 k - 2 scrolls of fog
 s - 3 scrolls of identify
 x - a scroll of random uselessness {unknown}
 A - a scroll of teleportation {unknown}
 C - a scroll of holy word {unknown}
 F - a scroll of fear {unknown}
Potions
 l - 2 potions of might
 q - 2 potions of curing
 u - a potion of haste
 w - a potion of cancellation {unknown}


   Skills:
 + Level 9.5 Dodging
 - Level 2.4 Stealth
 - Level 3.0 Spellcasting
 + Level 9.5 Ice Magic


You had 6 spell levels left.
You knew the following spells:

 Your Spells              Type           Power        Failure   Level
a - Freeze                Ice            100%         1%          1
b - Frozen Ramparts       Ice            82%          1%          3
c - Ozocubu's Armour      Ice            41%          1%          3

Your spell library contained the following spells:

 Spells                   Type           Power        Failure   Level
 Hailstorm                Conj/Ice       22%          21%         4
 Summon Ice Beast         Ice/Summ       22%          21%         4
 Confusing Touch          Hex            3%           38%         3
 Gell's Gravitas          Tloc           1%           38%         3
 Metabolic Englaciation   Hex/Ice        11%          50%         5
 Petrify                  Tmut/Erth      3%           80%         4
 Yara's Violent Unravell  Hex/Tmut       1%           98%         5


Dungeon Overview and Level Annotations

Branches:
Dungeon (7/15)             Temple (1/1) D:5

Altars:
Ashenzari
Cheibriados
Dithmenos
Elyvilon
Fedhas
Gozag
Hepliaklqana
Kikubaaqudgha
Makhleb
Nemelex Xobeh
Okawaru
Qazlal
Ru
Sif Muna
Trog
Uskayaw
Vehumet
Wu Jian
Xom
Yredelemnul
Zin
The Shining One

Annotations:
D:7 2 transporters, jlumianski's ghost, novice GnWr


Innate Abilities, Weirdness & Mutations

You have supernaturally acute eyesight. (SInv)
You expend magic power (3 MP) to strengthen your wands.


Message History

The two-headed ogre hits you with a +0 giant spiked club.
* * * LOW HITPOINT WARNING * * *
It was a potion of might.
You feel very mighty all of a sudden.
The wall freezes the two-headed ogre!
The two-headed ogre hits you but does no damage.
The two-headed ogre hits you with a +0 giant spiked club!
* * * LOW HITPOINT WARNING * * *
You feel better.
It was a potion of degeneration.
There was something very wrong with that liquid.
You feel weakened.
You feel dopey.
You feel clumsy.
The wall freezes the two-headed ogre.
The two-headed ogre barely misses you. The two-headed ogre closely misses you.
It was a potion of ambrosia.
You are confused.
You feel invigorated.
The wall freezes the two-headed ogre.
The two-headed ogre hits you with a +0 dire flail.
The two-headed ogre hits you with a +0 giant spiked club!
You die...

.##................#...##..#.#.
...........###.....##..##......
...........#.......##..##......
#..................##..........
..##........#......##....>.....
##........#..................
#......>...#.........#.......
#...##......#..#......#.......
..... #......O@........#.##..#.
......##........©.©......#..>##
#..........#############.....#.
#..........#OOW..[$....#.....#.
#.....#.##.O##...##..#.......
#.....#..#.#..#.#..#.#.......
.....##..#.#..#.#..#.#...)...
..... #..#..##...##..#...[#..
..... ##.#©. .©.. ..#....##.


You could see 2 two-headed ogres, 2 ogres and jlumianski's ghost.

Vanquished Creatures
  3 orc warriors
  An eye of draining (D:4)
  2 centaurs (D:6)
  2 ogres (D:7)
  A bullfrog (D:7)
  Crazy Yiuf (D:2)
  5 hounds
  A centaur skeleton (D:4)
  2 orc priests
  6 orc wizards
  Jessica (D:2)
  3 iguanas (D:5)
  5 worker ants
  A hound skeleton (D:4)
  A worker ant zombie (D:7)
  2 adders
  A shadow imp (D:6)
  2 white imps (D:7)
  3 adder zombies
  6 leopard geckos
  18 orcs
  A ball python (D:4)
  9 bats
  9 giant cockroaches
  6 goblins
  6 hobgoblins
  3 quokkas
  8 frilled lizards
  6 kobolds
  A quokka skeleton (D:5)
  4 rats
120 creatures vanquished.

Notes
Turn   | Place    | Note
-------+----------+-------------------------------------------
     0 | D:1      | buriedalive the Deep Elf Ice Elementalist began the quest
                  | for the Orb.
     0 | D:1      | Reached XP level 1. HP: 10/10 MP: 6/6
   487 | D:1      | Reached XP level 2. HP: 15/15 MP: 6/8
  1353 | D:2      | Found a runed translucent door.
  1428 | D:2      | Noticed Crazy Yiuf
  1693 | D:2      | Noticed Jessica
  1773 | D:2      | Killed Jessica
  1774 | D:2      | Reached skill level 5 in Ice Magic
  1774 | D:2      | Reached XP level 3. HP: 19/19 MP: 5/9
  1957 | D:2      | Reached XP level 4. HP: 24/24 MP: 5/10
  1964 | D:2      | Learned a level 3 spell: Frozen Ramparts
  1968 | D:2      | Learned a level 3 spell: Ozocubu's Armour
  2258 | D:2      | Killed Crazy Yiuf
  2903 | D:3      | Gained mutation: Your muscles are strong. (Str +2) [potion
                  | of mutation]
  2903 | D:3      | Gained mutation: You are frail. (-10% HP) [potion of
                  | mutation]
  2903 | D:3      | Gained mutation: You have a somewhat thin skeletal
                  | structure. (Dex +2, Stealth) [potion of mutation]
  2904 | D:3      | Lost mutation: You have a somewhat thin skeletal structure.
                  | (Dex +2, Stealth) [potion of mutation]
  2904 | D:3      | Lost mutation: Your muscles are strong. (Str +2) [potion of
                  | mutation]
  2904 | D:3      | Lost mutation: You are frail. (-10% HP) [potion of
                  | mutation]
  2904 | D:3      | Gained mutation: You have supernaturally acute eyesight.
                  | (SInv) [potion of mutation]
  2904 | D:3      | Gained mutation: You expend magic power (3 MP) to
                  | strengthen your wands. [potion of mutation]
  2961 | D:3      | Found a glowing silver altar of Zin.
  3021 | D:3      | Reached XP level 5. HP: 28/28 MP: 9/11
  3635 | D:4      | Reached skill level 5 in Dodging
  3756 | D:4      | Found a stormy altar of Qazlal.
  3874 | D:4      | Noticed an eye of draining
  3886 | D:4      | Reached XP level 6. HP: 32/32 MP: 12/12
  4790 | D:5      | Entered Level 5 of the Dungeon
  4990 | D:5      | Reached XP level 7. HP: 36/36 MP: 13/13
  5014 | D:5      | Found a staircase to the Ecumenical Temple.
  5027 | Temple   | Entered the Ecumenical Temple
  5257 | Temple   | Became a worshipper of Ashenzari the Shackled
  6586 | D:6      | Found a burning altar of Makhleb.
  6595 | D:6      | Reached XP level 8. HP: 38/41 MP: 14/14
  7009 | D:6      | Reached * piety under Ashenzari
  7396 | D:7      | Identified the +8 great mace "Woquehac" {drain, Dex+2
                  | Stlth+}
  7396 | D:7      | Noticed a two-headed ogre
  7396 | D:7      | Noticed jlumianski's ghost (novice GnWr)
  7398 | D:7      | Found a transporter.
  7429 | D:7      | Found a transporter.
  7479 | D:7      | Noticed a two-headed ogre
  7496 | D:7      | Slain by a two-headed ogre

Illustrated notes

Levels and vault maps discovered:
D:1:      dpeg_arrival_court, layout_loops_corners, st_stairs_14
D:2:      layout_basic, minmay_tetromino_s2, uniq_crazy_yiuf_cottage,
          uniq_jessica
D:3:      layout_loops_ring, lemuel_round_altar, serial_glass, glass_columns_b,
          glass_columns_a, glass_columns_b, glass_columns_a, glass_columns_b,
          glass_columns_b, glass_columns_a, glass_columns_c, glass_columns_a,
          glass_columns_a, glass_columns_a, glass_columns_a, glass_columns_a,
          glass_columns_b
D:4:      layout_basic, lemuel_altar_in_water
D:5:      layout_loops_ring, minmay_temple_entry_slanted
D:6:      layout_gridville, makhleb_heckhound_becter
D:7:      layout_cave_pools, gammafunk_ghost_smash
Temple:   roderic_octagonal_lattice_temple

Skill      XL: |  1  2  3  4  5  6  7  8 |
---------------+-------------------------+-----
Dodging        | 3 4 5 6 8 9 |  9.5
Ice Magic      | 5 6 7 8 9 |  9.5
Stealth        | |  2.4
Spellcasting   | |  3.0

Action                   |  1- 3 |  4- 6 |  7- 9 || total
-------------------------+-------+-------+-------++-------
Melee: Unarmed           |    13 |       |       ||    13
       Dagger            |    16 |   155 |   112 ||   283
       Quarterstaff      |       |    33 |       ||    33
 Cast: Freeze            |    33 |    11 |    12 ||    56
       Frozen Ramparts   |       |    11 |    23 ||    34
       Ozocubu's Armour  |       |     6 |     6 ||    12
  Use: Potion            |       |     6 |     4 ||    10
       Scroll            |       |     6 |       ||     6
 Stab: Sleeping          |     1 |     7 |     1 ||     9
       Distracted        |       |     1 |       ||     1
Armor: Robe              |    12 |    37 |    26 ||    75
Dodge: Dodged            |    56 |   132 |   113 ||   301
